 Dungeon Crawl Stone Soup version 0.28.0-1-gb440e238dd (webtiles) character file.

Game seed: 10083730612915274824

175 spaghetti the Skirmisher (level 5, 0/43 HPs)
             Began as a Demonspawn Delver on Feb 20, 2022.
             Was an Initiate of Cheibriados.
             Succumbed to a scorpion's poison
             ... on level 4 of the Dungeon.
             The game lasted 00:04:57 (1838 turns).

spaghetti the Skirmisher (Demonspawn Delver)        Turns: 1838, Time: 00:04:57

Health: 0/43       AC:  8    Str: 15    XL:     5   Next: 29%
Magic:  8/9        EV: 12    Int: 13    God:    Cheibriados [......]
Gold:   31         SH:  4    Dex: 15    Spells: 9/9 levels left

rFire   . . .      SeeInvis .   a - +0 mace
rCold   . . .      Faith    .   (no shield)
rNeg    . . .      Spirit   .   b - +0 leather armour
rPois   .          Reflect  .   (no helmet)
rElec   .          Harm     .   (no cloak)
rCorr   .          Rampage  .   (no gloves)
Will    .....                   (no boots)
Stlth   +++.......              (no amulet)
HPRegen 0.14/turn               (no ring)
MPRegen 0.11/turn               (no ring)

@: lethally poisoned (0 -> -2), very slow
A: icemail 1, sharp scales 1, condensation shield, demonic magic 1
a: Renounce Religion


You were on level 4 of the Dungeon.
You worshipped Cheibriados.
Cheibriados was noncommittal.
You visited 2 branches of the dungeon, and saw 6 of its levels.

You collected 31 gold pieces.

Inventory:

Hand Weapons
 a - a +0 mace (weapon)
Armour
 b - a +0 leather armour (worn)
Wands
 f - a wand of acid (6)
 g - a wand of digging (3)
Scrolls
 c - a scroll of fog
 d - 2 scrolls of magic mapping
 e - a scroll of fear


   Skills:
 + Level 4.7 Fighting
 - Level 1.7 Maces & Flails
 - Level 1.7 Dodging
 - Level 4.5 Stealth
 - Level 2.7 Spellcasting
 - Level 1.4 Evocations


You had 9 spell levels left.
You didn't know any spells.
Your spell library contained the following spells:

 Spells                   Type           Power      Damage    Failure   Level
 Portal Projectile        Hex/Tloc       2%         N/A       65%         3
 Alistair's Intoxication  Tmut/Pois      0%         N/A       100%        5
 Blade Hands              Tmut           0%         N/A       100%        5
 Borgnjor's Vile Clutch   Necr/Erth      0%         N/A       100%        5
 Excruciating Wounds      Necr           0%         N/A       100%        5
 Eringya's Noxious Bog    Tmut/Pois      0%         N/A       100%        6


Dungeon Overview and Level Annotations

Branches:
Dungeon (7/15)             Temple (1/1) D:6

Altars:
Ashenzari
Cheibriados
Dithmenos
Fedhas
Makhleb
Qazlal
Ru
Uskayaw
Vehumet
Yredelemnul
Zin


Innate Abilities, Weirdness & Mutations

A meltable icy envelope protects you from harm. (AC +4)
You are partially covered in razor-sharp scales. (AC +1, Slay +1)
A meltable shield of frost defends you. (SH +4)
Spells you cast may paralyse adjacent enemies.


Message History

You are lethally poisoned (7 -> -1).
Your movement speed is very slow.
Your attack delay is about 1.3.
Your base attributes are Str 14, Int 12, Dex 14.
You aren't carrying any potions.
Okay, then.
Okay, then.
Aiming: Corrosive Bolt
Press: ? - help, Shift-Dir - straight line, f - you That beam is likely to hit you.
Continue anyway?
Okay, then.
Okay, then.
* * * LOW HITPOINT WARNING * * *
You feel sick.
Aiming: Corrosive Bolt
Press: ? - help, Shift-Dir - straight line, f - iguana
Aim: an iguana (75% to hit)
The bolt of acid hits the iguana!
The acid corrodes the iguana!
The iguana is severely wounded.
* * * LOW HITPOINT WARNING * * *
You feel sick.
Aiming: Corrosive Bolt
Press: ? - help, Shift-Dir - straight line, f/p - iguana
Aim: an iguana (severely wounded, covered in acid, 75% to hit)
The bolt of acid hits the iguana!
The iguana seems to be corroded for longer.
You kill the iguana!
Cheibriados appreciates the change of pace.
* * * LOW HITPOINT WARNING * * *
You feel sick.
You are lethally poisoned (3 -> -1).
Your movement speed is very slow.
Your attack delay is about 1.3.
Your base attributes are Str 14, Int 12, Dex 14.
* * * LOW HITPOINT WARNING * * *
You feel sick.
* * * LOW HITPOINT WARNING * * *
You feel sick.
* * * LOW HITPOINT WARNING * * *
You feel sick.
Found a stone staircase leading down.
You die...

...# ### ..###. .# ...#
##.#. .## ...# #...# #.#
...#
#...#####.########..##
#...#...#..#.........#
##.#.....#(..........#
..###...####.........#
...#.###.###....@..#
..#...#...########......
###...#...# .....
#...#...# .... .#.###.##
..# .###. .## >. # ### #


There were no monsters in sight!

Vanquished Creatures
  A scorpion (D:4)
  A centaur zombie (D:6)
  A hound (D:6)
  An iguana (D:4)
  2 adders (D:4)
  A worm (D:4)
  4 orcs (D:4)
  An endoplasm (D:4)
  A hobgoblin (D:4)
13 creatures vanquished.

Notes
Turn   | Place    | Note
-------+----------+-------------------------------------------
     0 | D:5      | spaghetti the Demonspawn Delver began the quest for the
                  | Orb.
     0 | D:5      | Reached XP level 1. HP: 18/18 MP: 1/1
    14 | D:6      | Found a blossoming altar of Fedhas.
    21 | D:6      | Found a staircase to the Ecumenical Temple.
    30 | Temple   | Entered the Ecumenical Temple
   169 | Temple   | Became a worshipper of Cheibriados the Contemplative
   215 | D:6      | Noticed a black bear
   219 | D:6      | Noticed a hound
   242 | D:6      | Was placed under penance by Cheibriados
   500 | D:5      | Noticed a wyvern zombie
   514 | D:6      | Reached skill level 1 in Spellcasting
   514 | D:6      | Gained mutation: A meltable shield of frost defends you.
                  | (SH +4) [demonic ancestry]
   514 | D:6      | Reached XP level 2. HP: 5/25 MP: 1/4
   514 | D:6      | Gained mutation: You are partially covered in razor-sharp
                  | scales. (AC +1, Slay +1) [demonic ancestry]
   514 | D:6      | Reached XP level 3. HP: 6/30 MP: 1/5
   801 | D:6      | Noticed a water moccasin
   948 | D:6      | Was forgiven by Cheibriados
  1094 | D:5      | Found a radiant altar of Vehumet.
  1142 | D:4      | Gained mutation: Spells you cast may paralyse adjacent
                  | enemies. [demonic ancestry]
  1142 | D:4      | Reached XP level 4. HP: 25/37 MP: 7/7
  1822 | D:4      | Noticed a scorpion
  1831 | D:4      | Killed a scorpion
  1832 | D:4      | Reached skill level 1 in Evocations
  1832 | D:4      | Gained mutation: A meltable icy envelope protects you from
                  | harm. (AC +4) [demonic ancestry]
  1832 | D:4      | Reached XP level 5. HP: 7/43 MP: 7/9
  1836 | D:4      | HP: 2/43 [poisoned by a scorpion]
  1838 | D:4      | Succumbed to a scorpion's poison

Illustrated notes

Levels and vault maps discovered:
D:3:      layout_basic, serial_co_window_serial, co_window_corner_a,
          co_window_of_opportunity_a, co_window_paths_a, co_window_corner_a,
          co_window_paths_b, co_window_corner_b, co_window_of_opportunity_b,
          co_window_broadway_b, co_window_4corner_b, glass_columns_a,
          glass_columns_a, glass_columns_a
D:4:      nicolae_cairo_tiling, layout_basic
D:5:      layout_loops_ring, amcnicky_altar_gilded, nzn_wu_jian_council_hall,
          mainiacjoe_overflow_tiny_flanked, lightli_sewer_entry_pipes,
          uniq_prince_ribbit1, uniq_grinder
D:6:      layout_gridville, kennysheep_orc_sif_temple, fedhas_altar_2,
          minmay_temple_entry_wispy
D:7:      layout_basic, nemelex_xobeh_ov_fountains_minmay,
          nicolae_hepliaklqana_hippocampus
Temple:   nicolae_temple_figure_zero

Skill      XL: |  1  2  3  4 |
---------------+-------------+-----
Spellcasting   | 1 2 |  2.7
Fighting       | 4 |  4.7
Evocations     | 1 |  1.4
Maces & Flails | |  1.7
Dodging        | |  1.7
Stealth        | |  4.5

Action                   |  1- 3 |  4- 6 || total
-------------------------+-------+-------++-------
Melee: Mace              |    27 |    44 ||    71
       Punch             |       |     1 ||     1
Evoke: Wand              |       |     4 ||     4
  Use: Potion            |     2 |     1 ||     3
       Scroll            |     1 |     2 ||     3
 Stab: Sleeping          |     3 |     1 ||     4
       Invisible         |       |     3 ||     3
Armor: Leather armour    |    13 |     6 ||    19
Dodge: Dodged            |    33 |    35 ||    68
Block: Other             |       |     6 ||     6
